 Dungeon Crawl Stone Soup version 0.20.1-1-g8b1a95d (webtiles) character file.

48 SmokeFace the Poker (level 3, -1/28 HPs)
             Began as a Merfolk Skald on July 26, 2017.
             Slain by Crazy Yiuf
             ... wielding a +4 quarterstaff of chaos
              (8 damage)
             ... on level 2 of the Dungeon.
             The game lasted 00:02:29 (1103 turns).

SmokeFace the Poker (Merfolk Skald)                 Turns: 1103, Time: 00:02:29

Health: -1/28      AC:  4    Str: 11    XL:     3   Next: 72%
Magic:  2/6        EV: 12    Int: 13    God:
Gold:   114        SH:  0    Dex: 13    Spells: 0/6 levels left

rFire    . . .     SeeInvis .   a - +0 spear
rCold    . . .     Gourm    .   (no shield)
rNeg     . . .     Faith    .   b - +0 leather armour
rPois    .         Spirit   .   h - +1 hat
rElec    .         Reflect  .   (no cloak)
rCorr    .         Harm     .   (no gloves)
MR       .....                  (no boots)
Stlth    +.........             (no amulet)
Regen    0.1/turn               (no ring)
MPRegen  0.1/turn               (no ring)

@: shrouded, infused
A: change form in water, swift swim, stealthy swim
a: no special abilities


You were on level 2 of the Dungeon.
You were hungry.

You visited 1 branch of the dungeon, and saw 2 of its levels.

You collected 114 gold pieces.


   Skills:
 + Level 2.6 Fighting
 * Level 4.8 Polearms
 - Level 0.6 Armour
 - Level 2.6 Dodging
 - Level 2.0 Spellcasting
 + Level 3.7 Charms


You couldn't memorise any spells.
You knew the following spells:

 Your Spells              Type           Power        Failure   Level  Hunger
a - Shroud of Golubria    Chrm/Tloc      #.........   24%         2    ###....
x - Spectral Weapon       Hex/Chrm       #.......     43%         3    ####...
z - Infusion              Chrm           ##..         7%          1    ##.....

Inventory:

Hand Weapons
 a - a +0 spear (weapon)
Armour
 b - a +0 leather armour (worn)
 h - a +1 hat (worn)
Scrolls
 e - 3 scrolls of noise {unknown}
 f - 2 scrolls of remove curse {unknown}
 g - a scroll of fear {unknown}
 i - a scroll of identify {unknown}
 m - a scroll of enchant armour {unknown}
 o - a scroll of enchant weapon {unknown}
 q - a scroll of recharging {unknown}
Potions
 j - a potion of might {unknown}
 p - a potion of resistance {unknown}
Books
 c - a book of Battle

   Spells                             Type                      Level
   a - Infusion                       Charms                       1
   b - Shroud of Golubria             Charms/Translocation         2
   c - Song of Slaying                Charms                       2
   d - Spectral Weapon                Hexes/Charms                 3
   e - Regeneration                   Charms/Necromancy            3
Comestibles
 d - a bread ration
 k - 2 chunks of flesh
 l - 2 meat rations
 n - 3 fruits

Dungeon Overview and Level Annotations

Branches:
Dungeon (2/15)

Altars:
Kikubaaqudgha

Annotations:
D:2 Crazy Yiuf

▒.▒ ▒.▒ ▒▒▒▒ ▒.▒
))▒ ▒.▒ ▒▒▒▒▒)▒▒
▒.▒ ▒)
▒).)▒))▒▒▒▒.▒
))▒)))▒))▒....▒▒
▒)▒)))▒))▒▒▒...▒
▒▒)▒▒'▒▒))▒
▒.▒.▒
▒)))))))gm▒
▒...▒
▒)))))))))▒
▒▒.▒▒
▒)))))))))▒ ▒.▒
▒)))))))))▒ ▒.▒
▒))))))))▒▒▒▒▒.▒
▒)))f.)))▒▒....▒
▒))ff.f))▒▒.▒▒▒▒
▒▒▒....▒▒▒▒.▒
▒....▒▒▒▒.▒


You could see Crazy Yiuf.


Message History

Crazy Yiuf moves out of view.
You see here a mace.
Found three maces.
You see here a mace.
Found a mace.
You see here a glowing mace.
You see here a mace.
You begin infusing your attacks with magical energy.
Attack whom?
Aim: Crazy Yiuf, wielding a quarterstaff of chaos and wearing a cloak (unusually agile)
You reach to attack!
You barely miss Crazy Yiuf. You miss Crazy Yiuf.
Crazy Yiuf cries, "Tosser arga pontify!"
Crazy Yiuf completely misses you.
You hit Crazy Yiuf.
Crazy Yiuf is lightly wounded.
Crazy Yiuf hits you with a quarterstaff of chaos!
You hit Crazy Yiuf.
Crazy Yiuf is moderately wounded.
You closely miss Crazy Yiuf.
Crazy Yiuf is moderately wounded.
Crazy Yiuf misses you.
You miss Crazy Yiuf.
Crazy Yiuf is moderately wounded.
Crazy Yiuf hits you with a quarterstaff of chaos!
* * * LOW HITPOINT WARNING * * *
Crazy Yiuf draws strength from your wounds!
Space distorts slightly along a thin shroud covering your body.
Crazy Yiuf hits you with a quarterstaff of chaos!
You die...

Action                   || total
-------------------------++-------
Melee: Spear             ||   106
 Cast: Shroud of Golubri ||     1
       Infusion          ||     1
Armor: Leather armour    ||    14
Dodge: Dodged            ||    27

Vault maps used:
D:1:      lemuel_arrival_river_bridge
D:2:      kiku_gazebo_pond_becter, grunt_decor_fettered, fedhas_altar_4,
          uniq_crazy_yiuf_cottage

Notes
Turn   | Place    | Note
-------+----------+-------------------------------------------
     0 | D:1      | SmokeFace the Merfolk Skald began the quest for the Orb.
     0 | D:1      | Reached XP level 1. HP: 16/16 MP: 3/3
   145 | D:1      | Reached XP level 2. HP: 20/23 MP: 5/5
   163 | D:1      | Reached skill level 4 in Polearms
   502 | D:1      | Reached XP level 3. HP: 28/28 MP: 6/6
   905 | D:2      | Found an ancient bone altar of Kikubaaqudgha.
   909 | D:2      | Learned a level 2 spell: Shroud of Golubria
   913 | D:2      | Learned a level 3 spell: Spectral Weapon
  1064 | D:2      | Found a runed door.
  1091 | D:2      | Noticed Crazy Yiuf
  1103 | D:2      | Slain by Crazy Yiuf

Vanquished Creatures
  An adder (D:2)
  An ooze (D:1)
  3 dart slugs
  4 bats (D:1)
  2 giant cockroaches
  7 goblins (D:1)
  2 hobgoblins (D:1)
  2 kobolds (D:1)
  5 rats (D:1)
  A fungus (D:2)
28 creatures vanquished.
